 Dungeon Crawl Stone Soup version 0.32-a0-799-g95e1662 (webtiles) character file.

Game seed: 6812062547946413112

231388 Carva the Severer (level 18, -7/167 (168) HPs)
             Began as a Minotaur Fighter on Mar 20, 2024.
             Was a High Priest of Okawaru.
             Mangled by a formless jellyfish (21 damage)
             ... on level 13 of the Dungeon on Mar 21, 2024.
             The game lasted 02:40:17 (45655 turns).

Carva the Severer (Minotaur Fighter)               Turns: 45655, Time: 02:40:17

HP:   -7/167 (168)  AC: 14    Str: 28    XL:     18   Next: 35%
MP:   26/26         EV: 16    Int:  5    God:    Okawaru [*****.]
Gold: 661           SH:  0    Dex: 11    Spells: 17/17 levels left

rFire   + + .        N - melded +6 broad axe (elec)
rCold   + + .        V - melded +0 tower shield
rNeg    + + +        Q - melded +8 gold dragon scales
rPois   ∞            (helmet currently unavailable)
rElec   +            w - melded +2 cloak of Springtime {Dex+6}
rCorr   +            l - melded +2 pair of gloves
SInv    .            U - melded +1 pair of boots
Will    +....        s - melded amulet of the acrobat
Stlth   +            Z - melded ring of willpower
HPRegen 0.47/turn    Y - melded +4 ring of protection
MPRegen 0.20/turn

%: no passive effects
@: mighty, wisp-form (expiring), flying, lightly drained
A: insubstantial, flying, no casting, tiny, (horns 2), (retaliatory headbutt),
persistent drain
}: 2/15 runes: serpentine, barnacled
a: Renounce Religion, Heroism, Finesse, Duel


You were on level 13 of the Dungeon.
You worshipped Okawaru.
Okawaru was extremely pleased with you.
You were an insubstantial wisp.
You visited 7 branches of the dungeon, and saw 31 of its levels.
You also visited: Volcano.

You collected 3152 gold pieces.
You spent 2491 gold pieces at shops.

Inventory:

Hand Weapons
 a - the +5 morningstar of Fortitude {heavy, rN+ Str+6}
   (You found it on level 3 of the Shoals)

   Str+6:     It affects your strength (+6).
   rN+:       It protects you from negative energy.
 v - a +3 vampiric broad axe
 A - a +2 battleaxe of draining
 J - a +2 battleaxe
 N - a +6 broad axe of electrocution (melded)
Missiles
 p - 51 poisoned darts (quivered)
 z - 7 atropa-tipped darts
 L - 8 curare-tipped darts {!f}
 P - 2 darts of dispersal
 X - 2 datura-tipped darts {!f}
Armour
 l - a +2 pair of gloves (melded)
 o - an orb of wrath
 u - a +2 kite shield
 w - the +2 cloak of Springtime (melded) {Dex+6}
   (Okawaru gifted it to you on level 4 of the Lair of Beasts)

   Dex+6:     It affects your dexterity (+6).
 E - an orb of wrath
 M - a +2 kite shield of protection
 Q - +8 gold dragon scales (melded)
 T - the +10 plate armour "Lefowah" {Int+3 Stlth+}
   (You found it on level 3 of the Shoals)

   Int+3:     It affects your intelligence (+3).
   Stlth+:    It makes you more stealthy.
 U - a +1 pair of boots (melded)
 V - a +0 tower shield (melded)
Magical Staves
 B - a staff of cold
 I - a staff of alchemy
 O - a staff of death
 R - a staff of alchemy
 S - a staff of death
Jewellery
 i - a ring of ice
 s - an amulet of the acrobat (melded)
 x - a ring of flight
 y - a ring of fire
 H - a ring of resist corrosion
 Y - a +4 ring of protection (melded)
 Z - a ring of willpower (melded)
Wands
 c - a wand of polymorph (8)
 D - a wand of quicksilver (24)
Scrolls
 e - 11 scrolls of identify
 h - 8 scrolls of teleportation
 m - 7 scrolls of poison
 t - 4 scrolls of blinking
 C - 4 scrolls of fear
 F - a scroll of torment
 K - a scroll of silence
 W - 4 scrolls of revelation
Potions
 b - 6 potions of curing
 d - 4 potions of might
 f - 2 potions of ambrosia
 g - a potion of cancellation
 k - 5 potions of resistance
 n - 3 potions of haste
 q - 3 potions of brilliance
 r - 2 potions of invisibility
 G - a potion of berserk rage


   Skills:
 + Level 16.7 Fighting
 - Level 18.0 Axes
 + Level 12.9 Throwing
 + Level 16.5 Armour
 + Level 16.4 Shields
 + Level 7.6 Necromancy
 + Level 12.7 Invocations


You had 17 spell levels left.
You didn't know any spells.
Your spell library contained the following spells:

 Spells                   Type           Power      Damage    Failure   Level
 Kiss of Death            Conj/Necr      12%        2d6       12%         1
 Dispel Undead            Necr           7%         3d8       24%         4
 Apportation              Tloc           0%         N/A       47%         1
 Magic Dart               Conj           0%         1d3       47%         1
 Sandblast                Erth           0%         2d4       47%         1
 Curse of Agony           Necr           7%         N/A       54%         5
 Blink                    Tloc           0%         N/A       63%         2
 Ensorcelled Hibernation  Hex/Ice        0%         N/A       63%         2
 Lesser Beckoning         Tloc           0%         N/A       63%         2
 Momentum Strike          Conj/Tloc      0%         3d8       63%         2
 Searing Ray              Conj           0%         2d4       63%         2
 Confusing Touch          Hex            0%         N/A       85%         3
 Dazzling Flash           Conj/Hex       0%         N/A       85%         3
 Mephitic Cloud           Conj/Alch/Air  0%         N/A       85%         3
 Passwall                 Erth           0%         N/A       85%         3
 Sigil of Binding         Hex            0%         N/A       85%         3
 Swiftness                Air            0%         N/A       85%         3
 Volatile Blastmotes      Fire/Tloc      0%         2d10      85%         3
 Borgnjor's Vile Clutch   Necr/Erth      1%         N/A       97%         5
 Cause Fear               Hex            0%         N/A       99%         4
 Dimensional Bullseye     Hex/Tloc       0%         N/A       99%         4
 Flame Wave               Conj/Fire      0%         2d4       99%         4
 Fulminant Prism          Conj/Alch      0%         3d5       99%         4
 Iskenderun's Mystic Bla  Conj/Tloc      0%         2d3       99%         4
 Alistair's Intoxication  Alch           0%         N/A       100%        5
 Fireball                 Conj/Fire      0%         3d3       100%        5
 Irradiate                Conj/Alch      0%         3d11      100%        5
 Lee's Rapid Deconstruct  Erth           0%         3d4*      100%        5
 Silence                  Hex/Air        0%         N/A       100%        5
 Eringya's Noxious Bog    Alch           0%         4d6       100%        6
 Plasma Beam              Fire/Air       0%         2x1d10    100%        6
 Ignition                 Fire           0%         3d3       100%        8
 Lehudib's Crystal Spear  Conj/Erth      0%         10d2      100%        8
 Call Canine Familiar     Summ           Unusable   N/A       N/A         3
 Animate Armour           Summ/Erth      Unusable   N/A       N/A         4
 Summon Blazeheart Golem  Fire/Summ      Unusable   N/A       N/A         4
 Dragon's Call            Summ           Unusable   N/A       N/A         9

Dungeon Overview and Level Annotations

Branches:
Dungeon (13/15)            Temple (1/1) D:4            Lair (5/5) D:8
 Shoals (4/4) Lair:2        Snake (4/4) Lair:3        Slime (0/5) Lair:5
    Orc (2/2) D:11            Elf (0/3) Orc:2        Vaults (2/5) D:13
Volcano (visited)
  Crypt: Vaults:2-3

Altars:
Ashenzari
Cheibriados
Dithmenos
Elyvilon
Fedhas
Gozag
Hepliaklqana
Kikubaaqudgha
Makhleb
Nemelex Xobeh
Okawaru
Qazlal
Ru
Sif Muna
Trog
Uskayaw
Vehumet
Wu Jian
Xom
Yredelemnul
Zin
The Shining One
Beogh

Shops:
D:5 ?[?   D:7 (   D:13 :   Orc:1 *   Orc:2 *=[(   Shoals:1 :   Shoals:3 ?[!(
Snake:1 [   Snake:3 :(

Annotations:
Lair:1 exclusion: oklob plant
Lair:2 exclusion: 2 oklob plants
Shoals:1 1 runed translucent door, Gimmok's ghost, adept MiFi


Innate Abilities, Weirdness & Mutations

You are an insubstantial wisp.
Your tiny insubstantial body is highly resistant to most damage types.
You are flying.
Your equipment is entirely melded.
You are incapable of wielding weapons or throwing items.
You cannot cast spells.
((You have a pair of horns on your head.))
((You reflexively headbutt those who attack you in melee.))
Your health recovers twice as slowly from being drained.


Message History

* * * LOW HITPOINT WARNING * * *
There is an open door here.
The formless jellyfish jiggles.
The formless jellyfish shimmers eerily.
The formless jellyfish blinks!
The great orb of eyes gazes at you.
You are confused.
Unknown command.
You bump into the stone wall.
You feel much better.
You bump into the stone wall.
The formless jellyfish barely misses you.
You bump into the stone wall.
Your transformation is almost over.
You feel less confused. The formless jellyfish stings you!
* * * LOW HITPOINT WARNING * * *
The great orb of eyes bites you.
* * * LOW HITPOINT WARNING * * *
The formless jellyfish misses you. The formless jellyfish stings you!
* * * LOW HITPOINT WARNING * * *
The great orb of eyes gazes at you.
You are confused.
The formless jellyfish shimmers eerily.
The formless jellyfish blinks!
The formless jellyfish shimmers eerily.
The formless jellyfish blinks!
The great orb of eyes gazes at you.
Your mind is blasted!
* * * LOW HITPOINT WARNING * * *
There is a gate leading back out of this place here.
The formless jellyfish stings you!
* * * LOW HITPOINT WARNING * * *
You fly up through the gate.
Welcome back to the Dungeon!
There is a gate to the Vaults here.
You feel better.
The formless jellyfish closely misses you.
You feel very mighty all of a sudden. The formless jellyfish stings you!!
You die...

######')#..#######...#......#..##
....[................#.........[#
.................................
..#######..#######..........^....
..#.....'..'.....#.........^.....
..#.....'..'.....#.....^.^.......
..#.....#..#.....##...^^.......^.
#.#.....#..#...J.#.....^.^.....^.
'.#.....#..#....v#........^......
#.#######..#######.....^.^^.....#
#...............#......^.^......#
#####.....+.....#...+../.......##
....+.....#.....#....#.....^..##
....#.....#.....#...........###
....#.....#.....#.......>..##
<...#.....#######.........##
#####.....................#


You could see a formless jellyfish.

Vanquished Creatures
  Mara (Snake:3)
  Saint Roka (Snake:4)
  Jorgrun (D:12)
  Mlioglotl (Shoals:2)
  Polyphemus (Shoals:3)
  Aizul (Snake:3)
  Donald (Shoals:1)
  2 nagarajas (Snake:4)
  The ghost of Kosidy the Thaumaturge, a journeyman NaAl of Cheibriados (D:13)
  2 orc warlords
  A formless jellyfish (Shoals:4)
  An ironbound preserver (D:13)
  2 minotaurs (D:12)
  Azrael (Orc:2)
  A merfolk javelineer (Shoals:3)
  A great orb of eyes (Vaults:1)
  5 merfolk impalers
  Fannar (Lair:3)
  The ghost of korenl137 the Covert, a journeyman KoEn of Dithmenos (D:12)
  Josephine (Orc:1)
  4 salamander tyrants
  6 hydras
  2 centaur warriors (D:13)
  A satyr (Shoals:2)
  11 anacondas
  2 two-headed ogres
  4 alligator snapping turtles (Shoals:4)
  6 merfolk aquamancers
  A boulder beetle (D:12)
  6 catoblepae
  5 merfolk avatars
  6 shock serpents
  17 death yaks
  2 orc high priests
  17 naga sharpshooters
  Sonja (D:13)
  3 skysharks (Shoals:1)
  18 naga warriors
  13 sea snakes
  7 salamander mystics
  2 skeletal warriors (Volcano)
  9 mana vipers
  6 naga ritualists
  2 anaconda skeletons (Volcano)
  3 lindwurms
  An obsidian bat (Orc:1)
  11 harpies
  4 orc knights
  2 alligator skeletons (Volcano)
  4 deep elf pyromancers
  5 fauns
  4 orc sorcerers
  4 ugly things
  14 manticores
  25 salamanders
  3 spectral centaurs (D:13)
  5 cyclopes
  A rust devil (D:12)
  7 merfolk sirens
  3 guardian serpents
  A torpor snail (Lair:5)
  26 black mambas
  30 naga magi
  3 water nymphs
  3 kobold blastminers
  4 gargoyles (Volcano)
  9 cane toads
  2 kobold demonologists
  An unseen horror (D:10)
  2 rime drakes
  9 yaktaurs (D:12)
  12 komodo dragons
  2 tengu conjurers (D:13)
  A red devil (D:12)
  24 merfolk
  10 trolls
  A hellwing (D:12)
  7 wind drakes
  2 polar bears
  2 wolf spider simulacra (Lair:4)
  4 blink frogs (Lair:3)
  A spectral meliai (D:13)
  9 dream sheep
  3 harpy skeletons (Volcano)
  12 snapping turtles
  Sigmund (D:2)
  3 centaur simulacra (D:13)
  6 wraiths
  7 water elementals
  A yak (shapeshifter) (D:13)
  4 fire bats (D:11)
  A shadow (D:10)
  A dire elephant simulacrum (Lair:4)
  9 wyverns
  3 basilisks
  5 wargs
  2 neqoxecs (D:12)
  58 yaks
  A steam dragon (D:10)
  7 fire elementals
  8 vampire mosquitoes
  21 water moccasins
  44 nagas
  An acid dragon (D:8)
  5 hell hounds
  3 sky beasts
  A spectral hornet (D:13)
  27 orc warriors
  A black bear (Lair:1)
  5 ogres
  3 laughing skulls
  A black mamba simulacrum (Lair:4)
  17 wolves
  10 centaurs
  A phantom (D:5)
  3 kobold brigands
  A weeping skull (Volcano)
  7 bullfrogs
  4 scorpions
  9 wights
  21 killer bees
  A blink frog simulacrum (Lair:4)
  A troll skeleton (Volcano)
  8 electric eels
  4 howler monkeys
  A spriggan skeleton (Volcano)
  5 lava snakes
  4 bombardier beetles
  A spectral boggart (D:13)
  7 orc priests
  9 jellies
  A gnoll bouda (D:8)
  4 hounds
  A scrub nettle (Lair:5)
  Jessica (D:2)
  Natasha (thrice) (D:3)
  2 sleepcaps
  19 orc wizards
  Terence (D:2)
  2 naga skeletons (Volcano)
  11 gnolls
  9 adders
  2 shadow imps (D:7)
  13 white imps
  3 dart slugs
  A ribbon worm (D:4)
  47 orcs
  17 endoplasms
  3 giant cockroaches
  6 goblins
  4 hobgoblins
  20 kobolds
  5 quokkas
  7 ball pythons
  4 bats
  4 frilled lizards
  4 rats
  3 butterflies
994 creatures vanquished.

Vanquished Creatures (others)
  A naga (Snake:2)
  An orc priest (Orc:2)
  A gnoll (D:12)
3 creatures vanquished.

Grand Total: 997 creatures vanquished

Notes
Turn   | Place    | Note
-------+----------+-------------------------------------------
     0 | D:1      | Carva the Minotaur Fighter began the quest for the Orb.
     0 | D:1      | Reached XP level 1. HP: 19/19 MP: 0/0
   128 | D:1      | Reached XP level 2. HP: 27/27 MP: 1/1
   262 | D:1      | Reached skill level 3 in Axes
   438 | D:1      | Found a faded altar of an unknown god.
   755 | D:2      | Reached XP level 3. HP: 31/33 MP: 2/2
   844 | D:2      | Noticed Sigmund
   893 | D:2      | Killed Sigmund
   894 | D:2      | Reached skill level 4 in Axes
   894 | D:2      | Reached XP level 4. HP: 31/41 MP: 3/3
   894 | D:2      | Reached XP level 5. HP: 36/47 MP: 4/4
  1103 | D:2      | Noticed Terence
  1113 | D:2      | Killed Terence
  1114 | D:2      | Reached skill level 5 in Axes
  1134 | D:2      | Noticed Jessica
  1138 | D:2      | Killed Jessica
  1139 | D:2      | Reached XP level 6. HP: 55/55 MP: 5/5
  1422 | D:3      | Noticed Natasha
  1460 | D:3      | Killed Natasha
  1461 | D:3      | Reached skill level 5 in Fighting
  1461 | D:3      | Reached skill level 5 in Armour
  1548 | D:3      | Noticed Natasha
  1554 | D:3      | Killed Natasha
  1555 | D:3      | Reached skill level 5 in Shields
  1573 | D:3      | Noticed Natasha
  1579 | D:3      | Killed Natasha
  2052 | D:3      | Found a stormy altar of Qazlal.
  2053 | D:3      | Found a blossoming altar of Fedhas.
  2054 | D:3      | Found a sparkling altar of Nemelex Xobeh.
  2055 | D:3      | Found a broken altar of Ashenzari.
  2300 | D:4      | Reached skill level 6 in Axes
  2374 | D:4      | Reached XP level 7. HP: 61/61 MP: 6/6
  2380 | D:4      | Found a staircase to the Ecumenical Temple.
  2404 | Temple   | Entered the Ecumenical Temple
  2425 | Temple   | Became a worshipper of Warmaster Okawaru
  2816 | D:4      | Found a radiant altar of Vehumet.
  2816 | D:4      | Found an ancient bone altar of Kikubaaqudgha.
  2817 | D:4      | Found a shimmering blue altar of Sif Muna.
  2826 | D:4      | Got Sif Muna's Secrets of the Jaunt
  3081 | D:5      | Entered Level 5 of the Dungeon
  3291 | D:5      | Found Soerhitt's Magic Scroll Shoppe.
  3299 | D:5      | Bought a scroll of enchant weapon for 90 gold pieces
  3299 | D:5      | Bought a scroll of amnesia for 48 gold pieces
  3473 | D:5      | Reached skill level 7 in Axes
  3604 | D:5      | Found Wogimeith's Armour Shoppe.
  3650 | D:5      | Reached XP level 8. HP: 64/70 MP: 7/7
  4099 | D:5      | Reached * piety under Okawaru
  4242 | D:5      | Found Luyddey's Magic Scroll Boutique.
  4245 | D:5      | Bought a scroll of identify for 24 gold pieces
  4571 | D:6      | Reached skill level 8 in Axes
  4814 | D:6      | Found a glowing golden altar of the Shining One.
  4814 | D:6      | Found a white marble altar of Elyvilon.
  4814 | D:6      | Found a glowing silver altar of Zin.
  5085 | D:7      | Found Irphag's Weapon Shop.
  5139 | D:7      | Found the +6 arbalest "Damnation" {damnation}
  5152 | D:7      | Reached skill level 9 in Axes
  5359 | D:7      | Reached skill level 1 in Throwing
  5366 | D:7      | Reached skill level 1 in Invocations
  5366 | D:7      | Reached XP level 9. HP: 52/76 MP: 8/8
  5489 | D:7      | Reached ** piety under Okawaru
  5763 | D:8      | Found a staircase to the Lair.
  6305 | Lair:1   | Entered Level 1 of the Lair of Beasts
  6467 | Lair:1   | Reached skill level 10 in Axes
  6469 | Lair:1   | Reached *** piety under Okawaru
  6833 | Lair:1   | Noticed a rime drake
  6914 | Lair:1   | Noticed a polar bear
  6928 | Lair:1   | Killed a polar bear
  6929 | Lair:1   | Reached XP level 10. HP: 62/88 MP: 11/11
  7024 | Lair:1   | Noticed an oklob plant
  7228 | Lair:1   | Reached skill level 11 in Axes
  7410 | Lair:1   | Noticed a cane toad
  7490 | Lair:2   | Noticed a five-headed hydra
  7540 | D:9      | Reached **** piety under Okawaru
  7986 | D:9      | Noticed a two-headed ogre
  8011 | D:9      | Killed a two-headed ogre
  8625 | D:10     | Entered Level 10 of the Dungeon
  8721 | D:9      | Reached XP level 11. HP: 47/97 MP: 13/13
  8874 | D:10     | Reached skill level 12 in Axes
  9099 | D:10     | Found a flagged portal.
  9230 | D:10     | Reached ***** piety under Okawaru
  9297 | D:10     | Reached skill level 5 in Throwing
  9872 | D:11     | Reached skill level 5 in Invocations
  9915 | D:11     | Found a staircase to the Orcish Mines.
 10384 | D:11     | Found a roughly hewn altar of Beogh.
 10804 | D:11     | Noticed a two-headed ogre
 10818 | D:11     | Killed a two-headed ogre
 10938 | D:11     | Noticed a red ugly thing
 11173 | D:11     | Received a gift from Okawaru
 11174 | D:11     | Reached skill level 10 in Fighting
 11233 | D:11     | Reached skill level 13 in Axes
 11458 | D:11     | Killed a red ugly thing
 11459 | D:11     | Reached skill level 10 in Armour
 12682 | D:5      | Bought a +3 chain mail of poison resistance for 329 gold
                  | pieces
 13029 | Lair:1   | Reached skill level 10 in Shields
 13243 | Lair:1   | Reached XP level 12. HP: 59/106 MP: 15/15
 13591 | Lair:1   | You are sucked into a shaft and drop 1 floor!
 13632 | Lair:2   | Reached skill level 1 in Necromancy
 13767 | Lair:2   | Found a staircase to the Shoals.
 14320 | Lair:2   | Noticed a four-headed hydra
 14355 | Lair:2   | Killed a nine-headed hydra
 15092 | Lair:2   | Killed a ten-headed hydra
 15871 | Lair:3   | Reached skill level 14 in Axes
 16164 | Lair:3   | Noticed Fannar
 16182 | Lair:3   | Killed Fannar
 16506 | Lair:3   | Received a gift from Okawaru
 16647 | Lair:3   | Found a staircase to the Snake Pit.
 17187 | Lair:4   | Found a transporter.
 17257 | Lair:4   | Identified the +4 dagger of the Endless Defenders {flame,
                  | rC+ Str+4}
 17536 | Lair:4   | Reached XP level 13. HP: 88/116 MP: 17/17
 17731 | Lair:5   | Entered Level 5 of the Lair of Beasts
 17748 | Lair:5   | Reached ****** piety under Okawaru
 17843 | Lair:4   | Acquired a +0 broad axe of electrocution
 17843 | Lair:4   | Received a gift from Okawaru
 17851 | Lair:4   | Acquired the +2 cloak of Springtime {Dex+6}
 17851 | Lair:4   | Received a gift from Okawaru
 17915 | Lair:4   | Found a transporter.
 17918 | Lair:4   | Received a gift from Okawaru
 17938 | Lair:4   | Reached skill level 15 in Axes
 19024 | Lair:5   | Received a gift from Okawaru
 19608 | Lair:5   | Received a gift from Okawaru
 19943 | Lair:5   | Identified the +0 chain mail of Reasonable Leaves {Int+6
                  | Dex-3 Stlth+}
 20069 | Lair:5   | Found a staircase to the Slime Pits.
 20096 | Lair:5   | Identified the +7 scale mail "Zulosm" {Str+5}
 20586 | Shoals:1 | Entered Level 1 of the Shoals
 20586 | Shoals:1 | Found Ylanucs's Book Boutique.
 20612 | Shoals:1 | Noticed a merfolk impaler
 20629 | Shoals:1 | Reached XP level 14. HP: 59/126 MP: 17/19
 20645 | Shoals:1 | Received a gift from Okawaru
 21017 | Shoals:1 | Noticed Donald
 21042 | Shoals:1 | Reached skill level 16 in Axes
 21253 | Shoals:1 | Reached skill level 5 in Necromancy
 21374 | Shoals:1 | Killed Donald
 21604 | Shoals:1 | Found a runed translucent door.
 21605 | Shoals:1 | Noticed Gimmok's ghost (adept MiFi)
 21963 | Shoals:1 | Received a gift from Okawaru
 22278 | Shoals:2 | Got Forbidden Power, Volume Four
 23100 | Shoals:2 | Identified the +0 ring mail of Zueg Loj {Str+3}
 23568 | Shoals:3 | Received a gift from Okawaru
 23598 | Shoals:3 | Noticed Polyphemus
 23751 | Shoals:3 | Killed Polyphemus
 23840 | Shoals:3 | Found Nausu's Distillery.
 24194 | Shoals:3 | Found the +0 pair of gloves of the gadgeteer {Gadgeteer
                  | Wandboost ^Fragile}
 24217 | Shoals:3 | Found Zupotub's Antique Weapon Shoppe.
 24266 | Shoals:3 | Received a gift from Okawaru
 24339 | Shoals:3 | Found Gatzij's Armour Shoppe.
 24350 | Shoals:3 | Reached XP level 15. HP: 88/134 MP: 17/20
 24353 | Shoals:3 | Reached skill level 17 in Axes
 24355 | Shoals:3 | Identified the +10 plate armour "Lefowah" {Int+3 Stlth+}
 24718 | Shoals:3 | Found Xiujug's Magic Scroll Emporium.
 24718 | Shoals:3 | Noticed Mlioglotl
 24904 | Shoals:2 | Noticed a tentacled starspawn
 24913 | Shoals:2 | Killed Mlioglotl
 25323 | Shoals:3 | Identified the +5 morningstar of Fortitude {heavy, rN+
                  | Str+6}
 25332 | Shoals:3 | Bought a scroll of enchant armour for 142 gold pieces
 25332 | Shoals:3 | Bought a scroll of enchant armour for 142 gold pieces
 25400 | Shoals:4 | Entered Level 4 of the Shoals
 25571 | Shoals:4 | Got the Notes on the Scorching Jaunt
 25705 | Shoals:4 | Paralysed by a formless jellyfish for 1 turns
 25974 | Shoals:4 | Received a gift from Okawaru
 26386 | Shoals:4 | Received a gift from Okawaru
 26989 | Shoals:4 | HP: 1/136 [merfolk javelineer/javelin (7)]
 27332 | Shoals:4 | Got a barnacled rune of Zot
 27415 | Lair:2   | Upgraded the game from 0.32-a0-797-gee37984 to
                  | 0.32-a0-799-g95e1662
 28101 | D:11     | Received a gift from Okawaru
 28350 | D:12     | Reached skill level 18 in Axes
 28413 | D:12     | Reached skill level 10 in Throwing
 28734 | D:12     | Found a runed translucent door.
 28735 | D:12     | Noticed korenl137's ghost (journeyman KoEn)
 28765 | D:12     | Killed korenl137's ghost
 28765 | D:12     | Received a gift from Okawaru
 28766 | D:12     | Reached XP level 16. HP: 145/145 MP: 22/22
 29010 | D:12     | Gained mutation: Your health recovers twice as slowly from
                  | being drained. [a neqoxec]
 29364 | Orc:1    | Entered Level 1 of the Orcish Mines
 29409 | Orc:1    | Found Dufiw's Assorted Antiques.
 29479 | Orc:1    | Found a roughly hewn altar of Beogh.
 29605 | Orc:1    | Reached skill level 10 in Invocations
 29936 | Orc:2    | Entered Level 2 of the Orcish Mines
 29962 | Orc:2    | Noticed Josephine
 30075 | Orc:1    | Killed Josephine
 30330 | Orc:2    | Found a roughly hewn altar of Beogh.
 30384 | Orc:2    | Found a dark tunnel.
 30394 | Volcano  | Entered a volcano
 30677 | Volcano  | Received a gift from Okawaru
 31004 | Orc:2    | Found Cyssoedgh's Antique Armour Shoppe.
 31018 | Orc:2    | Noticed Azrael
 31202 | Orc:2    | Killed Azrael
 31390 | Orc:2    | Found Toapout's Antique Weapon Boutique.
 31431 | Orc:2    | Found Kiofodwe's Jewellery Shop.
 31447 | Orc:2    | Found a staircase to the Elven Halls.
 31598 | Orc:2    | Found Muagytri's General Store.
 31795 | Orc:2    | Bought a runed plate armour for 520 gold pieces
 32123 | Snake:1  | Entered Level 1 of the Snake Pit
 32284 | Snake:1  | Received a gift from Okawaru
 32660 | Snake:1  | Got the Cyclopedia of the Septic Fjord
 33028 | Snake:1  | Found Li Ji's Dragon-Slaying Spoils.
 33035 | Snake:1  | Bought +2 gold dragon scales for 1196 gold pieces
 33629 | Snake:2  | Received a gift from Okawaru
 34147 | Snake:2  | Reached skill level 15 in Fighting
 35007 | Snake:2  | Reached XP level 17. HP: 134/156 MP: 24/24
 35820 | Snake:2  | Reached skill level 15 in Armour
 36878 | Snake:2  | Reached skill level 15 in Shields
 37674 | Snake:3  | Identified the serpent talisman of the First Queens {Int+5
                  | Dex-3}
 37674 | Snake:3  | Noticed Aizul
 37690 | Snake:3  | Killed Aizul
 37967 | Snake:3  | Received a gift from Okawaru
 38008 | Snake:3  | Noticed Mara
 38045 | Snake:3  | Noticed Carva's illusion
 38121 | Snake:3  | Noticed Carva's illusion
 38487 | Snake:3  | Noticed Carva's illusion
 38493 | Snake:3  | Killed Mara
 38547 | Snake:3  | Found Ythoc's Book Shop.
 38795 | Snake:3  | Found Edidar's Weapon Shop.
 39371 | Snake:4  | Entered Level 4 of the Snake Pit
 39456 | Snake:4  | Noticed Saint Roka
 39741 | Snake:4  | Killed Saint Roka
 40784 | Snake:4  | Received a gift from Okawaru
 42179 | Snake:4  | Received a gift from Okawaru
 42730 | Snake:4  | Reached XP level 18. HP: 159/167 MP: 26/26
 43141 | Snake:4  | Got a serpentine rune of Zot
 43965 | D:13     | Noticed Sonja
 43974 | D:13     | Killed Sonja
 44021 | D:13     | Noticed Jorgrun
 44041 | D:12     | Killed Jorgrun
 44376 | D:13     | Received a gift from Okawaru
 44425 | D:13     | Found Hewa's Self-Published Books.
 44451 | D:13     | Found a runed translucent gate.
 44451 | D:13     | Found a runed translucent gate.
 44453 | D:13     | Found a runed translucent gate.
 44457 | D:13     | Noticed Kosidy's ghost (journeyman NaAl)
 44600 | D:13     | Found a gate to the Vaults.
 45095 | D:13     | Killed Kosidy's ghost
 45490 | Vaults:1 | Entered Level 1 of the Vaults
 45652 | Vaults:1 | HP: 3/167 [formless jellyfish (10)]
 45655 | D:13     | Mangled by a formless jellyfish

Illustrated notes

Levels and vault maps discovered:
D:1:      minmay_arrival_shoal_huts, layout_loops_cross,
          shapermc_ecumenical_altar_hornbeckon, minivault_26,
          roderic_filled_cross, amcnicky_mini_rare_corridor_liquid
D:2:      layout_rooms, serial_rivers, chequers_serial_rivers_marsh,
          chequers_serial_rivers_room_b, chequers_serial_rivers_micro_a,
          chequers_serial_rivers_micro_a, uniq_terence, uniq_jessica,
          uniq_sigmund
D:3:      layout_loops_ring, mainiacjoe_overflow_alcove_3, uniq_natasha
D:4:      layout_rooms, grunt_temple_overflow_magic_moments,
          minmay_temple_entry_purple_smoke
D:5:      layout_basic, enter_ossuary_2, serial_shops,
          nicolae_shop_gibbet_a_chance, kennysheep_mini, nicolae_lakefront_shop,
          dk_noncrumbling_3
D:6:      layout_basic, good_gods_mini_temple
D:7:      layout_cave_pools, serial_shops, shop
D:8:      layout_rooms, lair_entry_dummy
D:9:      layout_roguey, chequers_mini_garden
D:10:     layout_irregular_city, enter_bailey_2
D:11:     layout_gridville, minmay_orc_entry_temple_small, hangedman_incinerator
D:12:     fort_yaktaur, layout_rooms, gammafunk_ghost_grave,
          nicolae_neqoxec_dot_bat
D:13:     layout_irregular_city, skrybe_vaults_entry_preservation,
          gauntlet_entry_generic, gammafunk_ghost_necromancy, minmay_holes,
          nicolae_custom_books, uniq_sonja, uniq_jorgrun
Temple:   nicolae_temple_ecumenical_triangle
Lair:1:   lemuel_slime, layout_layer_cave, beast_lair_carwin_4,
          serial_bayou_shore_b, lemuel_fruit_fields, lemuel_fruit_fields
Lair:2:   minmay_lair_oklob_chamber, layout_chaotic_city, shoals_dummy_entry,
          nicolae_lair_liquid_snakes, serial_bayou_shore_a
Lair:3:   layout_hall_layers, minmay_snake_entry_six_corridors, uniq_fannar
Lair:4:   gammafunk_cloud_chamber, layout_long_grid, portal_ice_cave_entry_imps,
          lemuel_fruit_fields, lemuel_fruit_fields
Lair:5:   evilmike_catoblepas_cave, layout_long_grid, slime_entry_1,
          evilmike_ambush [evilmike_ambush_outer_basic,
          evilmike_ambush_inner_basic]
Shoals:1: layout_shoals, gammafunk_ghost_grave, serial_shops,
          nicolae_shop_advertising_works [nicolae_subvault_shop_adworks],
          uniq_donald
Shoals:2: layout_shoals, nicolae_shoals_lost_giant_baths
Shoals:3: layout_shoals, serial_shops, shop, shop,
          nicolae_shop_temple_entry_statues_fountains, nicolae_shop_stone,
          uniq_mlioglotl, uniq_polyphemus
Shoals:4: shoals_end_simple, layout_shoals
Snake:1:  layout_cave_pods, nicolae_shop_dragon_depot
Snake:2:  layout_onion, grunt_megastairs_1, lemuel_fruit_tree
Snake:3:  layout_rooms, serial_shops, nicolae_shop_hallway_plus,
          grunt_ministairs_7, nicolae_take_the_stairs, uniq_mara, uniq_aizul
Snake:4:  snake_pit, layout_basic, uniq_saint_roka
Orc:1:    layout_diamond_mine, basic_altar, serial_shops,
          nicolae_shop_window_shopping
Orc:2:    grunt_orc_gardens, layout_caves, grunt_orc_garden, grunt_orc_garden,
          grunt_orc_garden, grunt_orc_garden, enter_volcano_3, mines1_david,
          uniq_azrael, uniq_josephine
Vaults:1: hangedman_vaults_cutoff, ontoclasm_vaults_ring_large,
          ontoclasm_vaults_decontamination,
          nicolae_vaults_shipping_containers_5, nicolae_vaults_three_branches,
          nicolae_vaults_tetromino_T_1, hangedman_vaults_maws,
          serial_library_hellmonk_big_corner, layout_vaults_chaotic_city,
          uniq_zenata
Vaults:2: portal_desolation_entry_garden, v_misc_9,
          nicolae_vaults_big_angled_halls, hangedman_vaults_hat,
          hangedman_vaults_stream, vaults_room_octagon, grunt_vaults_twisty,
          v_misc_11, v_misc_11, nicolae_vaults_apartment_1,
          nicolae_vaults_offset_grid_hallway_2, vaults_room_pool,
          ontoclasm_vaults_twist, layout_vaults_maze, uniq_bai_suzhen

Skill      XL: |  1  2  3  4  5  6  7  8  9 10 11 12 13 14 15 16 17 |
---------------+----------------------------------------------------+-----
Axes           | 3 4 5 6 7 9 10 11 13 14 15 16 18 | 18.0
Fighting       | 4 5 6 7 8 9 10 11 12 13 15 16 | 16.7
Armour         | 4 5 6 7 8 9 10 11 12 13 14 16 | 16.5
Shields        | 4 5 6 7 8 9 10 11 12 13 14 16 | 16.4
Throwing       | 1 3 4 6 7 8 9 10 11 12 | 12.9
Invocations    | 1 3 4 6 7 8 9 11 12 | 12.7
Necromancy     | 2 4 6 7 |  7.6

Action                     |  1- 3 |  4- 6 |  7- 9 | 10-12 | 13-15 | 16-18 || total
---------------------------+-------+-------+-------+-------+-------+-------++-------
  Melee: War axe           |    51 |    86 |   266 |   262 |       |       ||   665
         Headbutt          |     6 |    11 |    47 |   130 |   336 |   415 ||   945
         Hand axe          |       |       |       |   430 |    19 |       ||   449
         Broad axe         |       |       |       |       |  1151 |  1395 ||  2546
         Unarmed           |       |       |       |       |       |     8 ||     8
  Throw: Dart              |       |       |     3 |    13 |     6 |       ||    22
 Invoke: Heroism           |       |       |     1 |    12 |    26 |    19 ||    58
         Receive Weapon    |       |       |       |       |     1 |       ||     1
         Receive Armour    |       |       |       |       |     1 |       ||     1
    Use: Scroll            |       |     4 |     4 |     7 |    16 |    12 ||    43
         Potion            |       |       |       |     5 |     9 |     6 ||    20
 Armour: Scale mail        |    45 |    68 |    35 |       |       |       ||   148
         Plate armour      |       |       |   206 |    55 |       |    79 ||   340
         Ring mail         |       |       |       |   306 |       |       ||   306
         Chain mail        |       |       |       |   241 |   931 |   157 ||  1329
         Skin              |       |       |       |     7 |       |    16 ||    23
         Gold dragon scale |       |       |       |       |       |   811 ||   811
  Dodge: Dodged            |    32 |    34 |    98 |   308 |   310 |   253 ||  1035
  Block: Buckler           |    18 |    15 |   102 |   153 |       |       ||   288
         Tower shield      |       |       |       |   298 |  1113 |  1714 ||  3125

Table legend: (Time is in decaauts)
 A = Elapsed time spent in this place.
 B = Non-inter-level travel time spent in this place.
 C = Inter-level travel time spent in this place.
 D = Time resting spent in this place.
 E = Time spent auto-exploring this place.
 F = Levels seen in this place.
 G = Mean time per level.
                   A        B        C        D        E       F      G
               +--------+--------+--------+--------+--------+-----+--------+
         Total |  45542 |  41931 |   3611 |  13743 |  19980 |  32 | 1423.2 |
       Dungeon |  15428 |  13675 |   1753 |   3734 |   7093 |  13 | 1186.8 |
        Temple |     42 |      2 |     40 |      0 |      0 |   1 |   42.0 |
          Lair |   9253 |   8628 |    625 |   2724 |   4445 |   5 | 1850.6 |
        Shoals |   6734 |   6499 |    235 |   1345 |   3849 |   4 | 1683.5 |
     Snake Pit |  11496 |  10612 |    884 |   5500 |   3155 |   4 | 2874.0 |
  Orcish Mines |   1939 |   1865 |     74 |    417 |   1014 |   2 |  969.5 |
        Vaults |    158 |    158 |      0 |     23 |     44 |   2 |   79.0 |
       Volcano |    488 |    488 |      0 |      0 |    379 |   1 |  488.0 |
               +--------+--------+--------+--------+--------+-----+--------+

Top non-repeatable levels by time:
 Snake:2: 4922 daAuts
 Snake:3: 2871 daAuts
  Lair:1: 2782 daAuts
 Snake:4: 2273 daAuts
    D:10: 2010 daAuts
    D:11: 1949 daAuts
Shoals:4: 1900 daAuts
    D:12: 1717 daAuts
  Lair:5: 1703 daAuts
Shoals:2: 1695 daAuts
  Lair:4: 1685 daAuts
     D:9: 1661 daAuts
  Lair:2: 1604 daAuts
Shoals:1: 1586 daAuts
Shoals:3: 1552 daAuts
